 Dungeon Crawl Stone Soup version 0.31-a0-236-g9a0961fb85 (webtiles) character file.

Game seed: 2749388077484804215

35 qw the Shooter (level 3, 0/21 HPs)
             Began as a Gargoyle Hexslinger on July 10, 2023.
             Slain by a gnoll
             ... wielding a +0 spear
              (5 damage)
             ... on level 1 of the Dungeon.
             The game lasted 00:00:15 (402 turns).

qw the Shooter (Gargoyle Hexslinger)                 Turns: 402, Time: 00:00:15

Health: 0/21       AC:  5    Str: 11    XL:     3   Next: 33%
Magic:  4/4        EV: 12    Int: 13    God:
Gold:   63         SH:  0    Dex: 14    Spells: 3/4 levels left

rFire   . . .        a - +1 sling
rCold   . . .        (no shield)
rNeg    + . .        c - +0 robe
rPois   inf          (no helmet)
rElec   +            (no cloak)
rCorr   .            (no gloves)
SInv    .            (no boots)
Will    .....        (no amulet)
Stlth   +            (no ring)
HPRegen 0.23/turn    (no ring)
MPRegen 0.09/turn

%: no passive effects
@: no status effects
A: sickness immunity, AC +3, negative energy resistance 1, electricity
resistance, torment resistance 1, petrification resistance
a: no special abilities


You were on level 1 of the Dungeon.
You visited 1 branch of the dungeon, and saw 1 of its levels.

You collected 63 gold pieces.


Innate Abilities, Weirdness & Mutations

You are immune to sickness and miasma.
Your stone body is resilient. (AC +3)
You are immune to poison.
You resist negative energy. (rN+)
You are resistant to electric shocks. (rElec)
You are resistant to unholy torment.
You are immune to petrification.


   Skills:
 - Level 2.2 Fighting
 + Level 3.1 Ranged Weapons
 - Level 1.5 Dodging
 - Level 1.0 Spellcasting
 - Level 2.6 Hexes


You had 3 spell levels left.
You knew the following spells:

 Your Spells              Type           Power      Damage    Failure   Level
a - Slow                  Hex            28%        N/A       10%         1

Your spell library contained the following spells:

 Spells                   Type           Power      Damage    Failure   Level
 Inner Flame              Hex/Fire       4%         N/A       43%         3
 Portal Projectile        Hex/Tloc       8%         N/A       43%         3
 Cause Fear               Hex            3%         N/A       67%         4

Inventory:

Hand Weapons
 a - a +1 sling (weapon)
Armour
 c - a +0 robe (worn)
 d - a +0 leather armour
Scrolls
 b - a scroll of poison
 g - a scroll of butterflies {unknown}
 i - a scroll of vulnerability {unknown}
Potions
 e - a potion of berserk rage {unknown}
 f - a potion of haste {unknown}
 h - a potion of mutation {unknown}

Dungeon Overview and Level Annotations

Branches:
Dungeon (1/15)

Altars:


Message History

The bat misses you.
The gnoll hits you from afar with a +0 spear!
A jackal comes into view.
The bat barely misses you.
The gnoll hits you from afar with a +0 spear.
You shoot a sling bullet. The jackal barks!
The sling bullet hits the bat.
The bat is severely wounded.
The bat hits you but does no damage. The gnoll barely misses you.
You shoot a sling bullet. The sling bullet barely misses the bat.
The bat hits you but does no damage.
A jackal comes into view.
The gnoll hits you from afar with a +0 spear.
The bat hits you but does no damage.
You shoot a sling bullet. The jackal barks!
The sling bullet hits the bat.
You kill the bat!
The gnoll closely misses you.
The jackal bites you but does no damage.
You shoot a sling bullet.
The sling bullet barely misses the jackal.
The sling bullet hits the gnoll.
The gnoll is moderately wounded.
The gnoll closely misses you. The jackal completely misses you.
The gnoll closely misses you. The jackal barely misses you.
You shoot a sling bullet. The sling bullet hits the jackal.
The jackal is moderately wounded.
The jackal barely misses you.
The jackal bites you but does no damage. x2
The gnoll misses you.
You shoot a sling bullet.
The sling bullet completely misses the jackal.
The sling bullet hits the gnoll.
The gnoll is severely wounded.
The jackal bites you but does no damage.
The jackal closely misses you.
The gnoll hits you from afar with a +0 spear.
You die...

#############
#...........#
#.#########.# #.# #.#
##.# #.# ...#########.#
..........##.#####
.#.##............#####..
.#.#.........###@hg.....
.#.##........###hh.....#
.#.##..#................
.#>##..#.....###.####...
..........##.###.# ..
##...............# .
#......##.###.#### .#
#.###.###.# #.# .# # #.#
#.# #.# #.# #.##.# #...


You could see a gnoll and 3 jackals.

Vanquished Creatures
  A gnoll (D:1)
  A ball python (D:1)
  5 endoplasms (D:1)
  2 giant cockroaches (D:1)
  3 goblins (D:1)
  2 hobgoblins (D:1)
  A jackal (D:1)
  A quokka (D:1)
  3 bats (D:1)
  A kobold (D:1)
  A rat (D:1)
21 creatures vanquished.

Notes
Turn   | Place    | Note
-------+----------+-------------------------------------------
     0 | D:1      | qw the Gargoyle Hexslinger began the quest for the Orb.
     0 | D:1      | Reached XP level 1. HP: 12/12 MP: 2/2
     0 | D:1      | 0 ||| qw: Version: 0.3-a-52-g30416fa
     0 | D:1      | 0 ||| qw: Game counter: 4598
     0 | D:1      | 0 ||| qw: Melee chars always use a shield: true
     0 | D:1      | 0 ||| qw: God list: Okawaru
     0 | D:1      | 0 ||| qw: Allow faded altars: false
     0 | D:1      | 0 ||| qw: Do Orc after clearing Dungeon:15 true
     0 | D:1      | 0 ||| qw: Do second Lair branch before Depths: true
     0 | D:1      | 0 ||| qw: Lair rune preference: random
     0 | D:1      | 0 ||| qw: Goals: Normal
     0 | D:1      | 0 ||| PLANNING D:1-11
    70 | D:1      | Reached XP level 2. HP: 16/16 MP: 3/3
   192 | D:1      | Reached skill level 3 in Ranged Weapons
   325 | D:1      | Reached XP level 3. HP: 21/21 MP: 4/4
   398 | D:1      | HP: 4/21 [gnoll/+0 spear (4)]
   402 | D:1      | Slain by a gnoll

Levels and vault maps discovered:
D:1:      dpeg_arrival_boxorama, layout_loops_ring

Skill      XL: |  1  2 |
---------------+-------+-----
Ranged Weapons | 3 |  3.1
Fighting       | 2 |  2.2
Dodging        | |  1.5
Spellcasting   | |  1.0
Hexes          | |  2.6

Action                     || total
---------------------------++-------
   Fire: Sling             ||    70
 Armour: Robe              ||    13
  Dodge: Dodged            ||    27

Table legend:
 A = Non-vault XP
 B = Vault XP
 C = Vault XP percentage of total XP
 D = Non-vault monster count
 E = Vault monster count
 F = Vault count percentage of total count
                 A         B        C        D         E       F
            +---------+---------+-------+---------+---------+-------
      Total |      50 |       0 |   0.0 |      21 |       0 |   0.0
            +---------+---------+-------+---------+---------+-------
        D:1 |      50 |       0 |   0.0 |      21 |       0 |   0.0
            +---------+---------+-------+---------+---------+-------
